 Dungeon Crawl Stone Soup version 0.18.1-50-g88ac8fd (webtiles) character file.

133464 nikopol the Severer (level 16, -7/220 HPs)
             Began as a Minotaur Berserker on Sept 25, 2016.
             Was the Champion of Trog.
             Mangled by Donald
             ... wielding a +2 long sword of protection
              (10 damage)
             ... on level 1 of the Snake Pit.
             The game lasted 02:14:35 (32034 turns).

nikopol the Severer (Minotaur Berserker)           Turns: 32034, Time: 02:14:36

Health: -7/220     AC: 28    Str: 31    XL:     16   Next: 59%
Magic:  15/15      EV: 17    Int:  8    God:    Trog [******]
Gold:   1637       SH:  3    Dex: 18    Spells: 0 memorised, 15 levels left

rFire  + . .     SeeInvis +     a - +3 battleaxe (freeze)
rCold  x . .     Gourm    .     s - +2 plate armour {rPois}
rNeg   + . .     Faith    .     (shield currently unavailable)
rPois  +         Spirit   .     l - +1 hat of Vaif {rF+ rC- rN+}
rElec  .         Dismiss  .     j - +0 cloak
rCorr  .         Reflect  +     F - +2 pair of gloves {archery}
SustAt +         Harm     .     k - +2 pair of boots
MR     +....                    n - +3 amulet of reflection
Stlth  ..........               Y - ring of Pomaqyr {Fragile Str+4 Int+4 Dex+3 SInv}
                                P - ring of sustain attributes

@: berserking, lethally poisoned (-7 -> -8), very quick, somewhat resistant to
hostile enchantments, extremely unstealthy
A: retaliatory headbutt, hooves 2, horns 2, weak 1
a: Berserk, Trog's Hand, Brothers in Arms, Burn Spellbooks, Renounce Religion


You were on level 1 of the Snake Pit.
You worshipped Trog.
Trog was exalted by your worship.
You were not hungry.

You visited 4 branches of the dungeon, and saw 26 of its levels.
You also visited: Labyrinth and Ice Cave.

You collected 2892 gold pieces.
You spent 1255 gold pieces at shops.

Inventory:

Hand Weapons
 a - a +3 battleaxe of freezing (weapon)
 z - a +4 shortbow of flaming
 I - a +5 longbow of velocity
 K - a +1 shortbow of flaming
 M - a +7 executioner's axe of distortion
Missiles
 y - 950 arrows (quivered)
Armour
 h - the +1 ring mail of the Chupacabra {*Corrode Str+4 Int+3 Dex-5}
   (You found it on level 15 of the Dungeon)

   It affects your strength (+4).
   It affects your intelligence (+3).
   It affects your dexterity (-5).
   It may corrode you when you take damage.
 j - a +0 cloak (worn)
 k - a +2 pair of boots (worn)
 l - the +1 hat of Vaif (worn) {rF+ rC- rN+}
   (You bought it in a shop on level 2 of the Orcish Mines)

   It protects you from fire.
   It makes you vulnerable to cold.
   It protects you from negative energy.
 s - a +2 plate armour of poison resistance (worn)
 F - a +2 pair of gloves of archery (worn)
 R - a +1 chain mail of magic resistance
Jewellery
 n - a +3 amulet of reflection (around neck)
 J - an uncursed ring of protection from cold
 P - a ring of sustain attributes (left hand)
 W - the ring "Gawinota" {+Inv rF+ Slay+2 Stlth-}
   (You bought it in a shop on level 7 of the Dungeon)

   [ring of loudness]

   It affects your accuracy and damage with ranged weapons and melee attacks
   (+2).
   It protects you from fire.
   It lets you turn invisible.
   It makes you less stealthy.
 Y - the ring of Pomaqyr (right hand) {Fragile Str+4 Int+4 Dex+3 SInv}
   (You bought it in a shop on level 7 of the Dungeon)

   [ring of dexterity]

   It affects your strength (+4).
   It affects your intelligence (+4).
   It affects your dexterity (+3).
   It lets you see invisible.
   It will be destroyed if unequipped.
Wands
 p - a wand of disintegration (6/24)
 H - a wand of teleportation (6/9)
 Z - a wand of heal wounds (8/9)
Scrolls
 b - a scroll of silence
 d - a scroll of summoning
 e - 13 scrolls of remove curse
 i - a scroll of fear
 v - a scroll of enchant weapon
 C - 2 scrolls of fog
 E - a scroll of blinking
 L - a scroll of enchant armour
 O - a scroll of identify
 Q - 6 scrolls of teleportation
Potions
 g - 2 potions of invisibility
 m - 5 potions of agility
 o - 5 potions of might
 q - a potion of berserk rage
 r - 4 potions of cancellation
 t - 5 potions of haste
 u - 2 potions of flight
 x - 9 potions of heal wounds
 A - 6 potions of curing
 B - 2 potions of brilliance
 D - a potion of ambrosia
 G - 2 potions of resistance
 N - a potion of cure mutation
Comestibles
 c - 18 bread rations
 f - 5 meat rations
 w - 7 beef jerkies
 S - 26 fruits


   Skills:
 + Level 14.9 Fighting
 * Level 18.4 Axes
 - Level 15.3 Bows
 + Level 14.5 Armour
 + Level 13.4 Dodging


You had 15 spell levels left.
You didn't know any spells.

Dungeon Overview and Level Annotations

Branches:
Dungeon (15/15)            Temple (0/1) D:7            Lair (8/8) D:9
 Shoals (0/4) Lair:3        Snake (1/4) Lair:5        Slime (0/6) Lair:6
    Orc (2/2) D:9             Elf (0/3) Orc:2        Vaults (0/5) D:13
 Depths (0/5) D:15

Altars:
Ashenzari
Elyvilon
Fedhas
Nemelex Xobeh
Pakellas
Ru
Trog
Yredelemnul
Zin
The Shining One
Beogh
Jiyva

Shops:
D:5 %   D:6 ?   D:7 *   Orc:2 *%[[*   Snake:1 *

Annotations:
Snake:1 Donald


Innate Abilities, Weirdness & Mutations

You reflexively headbutt those who attack you in melee.
You have a pair of horns on your head.
You have hoof-like feet.
You are weak. (Str -2)


Message History

Donald says, "How does a snake shoot lightning, anyway?"
Donald hits you with a long sword of protection!
* * * LOW HITPOINT WARNING * * *
The guardian serpent hits you but does no damage.
You hit Donald.
Donald is lightly wounded.
You slash the guardian serpent! You freeze the guardian serpent.
The guardian serpent is moderately wounded.
You open the guardian serpent like a pillowcase!!!
You freeze the guardian serpent!
You kill the guardian serpent!
Trog accepts your kill.
Trog appreciates your killing of a magic user.
You completely miss Donald.
Donald is lightly wounded.
You feel sick.
You slice Donald!! You freeze Donald. You headbutt Donald!!
Donald is severely wounded.
Donald hits you with a long sword of protection!
You die...

# .. ##......
... #....... .
...#####.......
...
.............
...
#...........
#........#
#.....@.#
#.%..)@)# .
#.....(.# >
#....)))#
#.......#
#.##...## #..
#...# #.. #...#
.. ##..# #...


You could see Donald.

Vanquished Creatures
  Frances (Snake:1)
  A frost giant (IceCv)
  Maud (Lair:3)
  An orc warlord (Orc:1)
  A stone giant (Orc:2)
  4 vault guards (D:13)
  Snorg (Lair:7)
  A minotaur (Lab)
  Harold (Lair:1)
  11 hydras
  A naga warrior (Snake:1)
  3 catoblepae (Lair:8)
  Erica (D:8)
  6 centaur warriors
  A tengu warrior (D:13)
  16 death yaks
  An orc high priest (Orc:1)
  Urug (Lair:4)
  Sonja (D:11)
  4 naga sharpshooters (Snake:1)
  Nergalle (Orc:1)
  The ghost of DungeonMaster the Spry, a novice SpAs of Okawaru (Lair:8)
  6 unseen horrors
  8 hill giants
  A wolf spider zombie (D:13)
  11 orc knights
  3 deep elf magi
  8 ugly things
  4 griffons
  A tengu skeleton (D:15)
  A salamander (Snake:1)
  2 manticores
  An orc sorcerer (Orc:2)
  4 elephants (Lair:8)
  13 black mambas
  An ice statue (IceCv)
  Psyche (D:8)
  A stone giant skeleton (D:15)
  3 gargoyles
  A guardian serpent (Snake:1)
  15 spiny frogs
  4 rime drakes
  A freezing wraith (D:13)
  7 komodo dragons
  6 trolls
  A guardian mummy (D:15)
  3 two-headed ogres
  A yaktaur skeleton (D:15)
  8 slime creatures
  A wolf spider simulacrum (D:15)
  29 blink frogs
  22 polar bears
  A hornet zombie (D:13)
  The ghost of atarun the Chucker, an amateur HaBe of Trog (D:4)
  A snapping turtle (Lair:3)
  A shadow (D:14)
  A spriggan (shapeshifter) (D:14)
  A wyvern (D:13)
  A spriggan (Lair:7)
  2 wraiths
  The ghost of Xelenos the Covered, an amateur MiFi of Okawaru (D:3)
  A basilisk (Lair:2)
  55 yaks
  A vampire (D:13)
  2 hungry ghosts
  5 hippogriffs
  Menkaure (D:5)
  6 swamp worms (Lair:8)
  2 mottled dragons
  8 wargs (Orc:2)
  A soldier ant (D:13)
  9 nagas
  31 water moccasins
  18 porcupines
  2 phantoms
  5 ice beasts
  54 orc warriors
  3 sky beasts
  2 necrophages
  A black bear (D:9)
  16 wolves (IceCv)
  13 ogres
  22 crocodiles
  24 centaurs
  3 big kobolds
  14 giant frogs
  A wyvern zombie (D:13)
  3 scorpions
  A killer bee (D:10)
  A water moccasin skeleton (D:8)
  9 wights
  5 howler monkeys
  4 electric eels
  7 crimson imps
  8 centaur zombies
  2 giant frog zombies
  A hound (D:6)
  A jelly (D:14)
  2 giant frog skeletons (D:13)
  22 orc priests
  12 centaur skeletons
  17 iguanas
  27 orc wizards
  13 worker ants
  17 sheep
  2 worker ant zombies
  9 gnolls
  A howler monkey skeleton (D:10)
  34 adders
  65 river rats
  2 oozes
  4 adder skeletons
  13 worms
  3 dart slugs
  13 giant geckos
  110 orcs
  4 bats
  9 giant cockroaches
  10 goblins
  10 hobgoblins
  5 jackals
  6 quokkas
  A ball python (D:3)
  5 giant newts
  18 kobolds
  A quokka skeleton (D:5)
  9 rats
  4 fungi
  5 plants
  A withered plant (D:15)
1034 creatures vanquished.

Vanquished Creatures (others)
  A vampire mage (D:15)
  A skeletal warrior (D:15)
  A necromancer (D:15)
  An ettin zombie (D:15)
  2 yaks (IceCv)
  2 centaurs
  An orc wizard (Orc:1)
  23 fungi
  14 plants
  A withered plant (D:15)
47 creatures vanquished.

Grand Total: 1081 creatures vanquished

Notes
Turn   | Place    | Note
--------------------------------------------------------------
     0 | D:1      | nikopol the Minotaur Berserker began the quest for the Orb.
     0 | D:1      | Reached XP level 1. HP: 19/19 MP: 0/0
   189 | D:1      | Reached XP level 2. HP: 13/27 MP: 1/1
   810 | D:1      | Reached XP level 3. HP: 20/33 MP: 2/2
  1052 | D:1      | Reached ** piety under Trog
  1260 | D:2      | Reached skill level 4 in Axes
  1471 | D:2      | Reached XP level 4. HP: 36/41 MP: 3/3
  1713 | D:3      | Noticed Xelenos's ghost (amateur MiFi)
  1723 | D:3      | Killed Xelenos's ghost
  1723 | D:3      | Reached skill level 5 in Fighting
  1723 | D:3      | Reached skill level 5 in Axes
  1723 | D:3      | Reached XP level 5. HP: 48/48 MP: 4/4
  1922 | D:2      | Reached *** piety under Trog
  1980 | D:3      | Reached XP level 6. HP: 56/56 MP: 5/5
  2488 | D:4      | Found a glowing golden altar of the Shining One.
  2630 | D:4      | Noticed atarun's ghost (amateur HaBe)
  2905 | D:4      | Reached XP level 7. HP: 48/63 MP: 6/6
  2948 | D:4      | Reached skill level 5 in Armour
  2949 | D:4      | Reached **** piety under Trog
  2956 | D:4      | Found a basalt altar of Yredelemnul.
  3373 | D:4      | Reached skill level 5 in Dodging
  3545 | D:4      | Reached skill level 6 in Axes
  3710 | D:4      | Killed atarun's ghost
  3710 | D:4      | Reached XP level 8. HP: 73/73 MP: 7/7
  3814 | D:5      | Entered Level 5 of the Dungeon
  3829 | D:5      | Found a bloodstained altar of Trog.
  3830 | D:5      | Found a shattered altar of Ashenzari.
  4039 | D:5      | Noticed Menkaure
  4042 | D:5      | Killed Menkaure
  4104 | D:5      | Found Vaytotreng's Food Shop.
  4388 | D:6      | Reached skill level 7 in Axes
  4473 | D:6      | Found Fiepra's Magic Scroll Boutique.
  4549 | D:6      | Received a gift from Trog
  4825 | D:6      | Reached XP level 9. HP: 48/82 MP: 8/8
  5408 | D:6      | Got a fine bone ring
  5409 | D:6      | Identified the ring "Burphuh" {Fire Int+7 Dex+2} (You found it on level 6 of the Dungeon)
  5431 | D:6      | Reached ***** piety under Trog
  5511 | D:7      | Found a white marble altar of Elyvilon.
  5515 | D:7      | Found a staircase to the Ecumenical Temple.
  5615 | D:7      | Found an oddly glowing altar of Pakellas.
  5638 | D:7      | Found Hajary's Assorted Antiques.
  5658 | D:7      | Reached skill level 8 in Axes
  5680 | D:7      | Bought a smoking lead ring for 130 gold pieces
  5682 | D:7      | Identified the ring "Gawinota" {+Inv rF+ Slay+2 Stlth-} (You bought it in a shop on level 7 of the Dungeon)
  5803 | D:7      | Bought a clouded bone ring for 130 gold pieces
  5804 | D:7      | Identified the ring of Pomaqyr {Fragile Str+4 Int+4 Dex+3 SInv} (You bought it in a shop on level 7 of the Dungeon)
  6079 | D:8      | Reached skill level 1 in Bows
  6408 | D:8      | Noticed Erica
  6417 | D:8      | Killed Erica
  6417 | D:8      | Reached skill level 9 in Axes
  6447 | D:8      | Noticed Psyche
  6464 | D:8      | Killed Psyche
  6464 | D:8      | Reached XP level 10. HP: 48/91 MP: 9/9
  6710 | D:8      | Found a blossoming altar of Fedhas.
  6710 | D:8      | Found a sacrificial altar of Ru.
  7812 | D:9      | Found a bloodstained altar of Trog.
  7880 | D:9      | Reached skill level 10 in Axes
  8387 | D:9      | Reached skill level 5 in Bows
  8660 | D:9      | Found a staircase to the Orcish Mines.
  8722 | D:9      | Gained mutation: You have large cloven feet. [potion of beneficial mutation]
  8725 | D:9      | Gained mutation: You have hoof-like feet. [potion of beneficial mutation]
  8775 | D:9      | Found a staircase to the Lair.
  8987 | D:10     | Entered Level 10 of the Dungeon
  8987 | D:10     | Noticed a hill giant
  8987 | D:10     | Noticed an unseen horror
  9000 | D:10     | Killed an unseen horror
  9002 | D:10     | Killed a hill giant
  9198 | D:10     | Found a glowing silver altar of Zin.
  9466 | D:10     | Received a gift from Trog
  9494 | D:10     | Noticed an unseen horror
  9497 | D:10     | Noticed an unseen horror
  9499 | D:10     | Killed an unseen horror
  9507 | D:10     | Killed an unseen horror
  9507 | D:10     | Reached skill level 10 in Fighting
  9507 | D:10     | Reached XP level 11. HP: 47/99 MP: 10/10
  9509 | D:10     | Reached skill level 11 in Axes
 10204 | D:11     | Noticed a purple ugly thing
 10226 | D:11     | Killed a purple ugly thing
 10585 | D:11     | Noticed a hill giant
 10589 | D:11     | Noticed Sonja
 10590 | D:11     | Killed a hill giant
 10598 | D:11     | Killed Sonja
 10652 | D:11     | Noticed a hill giant
 10659 | D:11     | Killed a hill giant
 10659 | D:11     | Reached skill level 10 in Armour
 11007 | Lair:1   | Entered Level 1 of the Lair of Beasts
 11097 | Lair:1   | Reached skill level 12 in Axes
 11349 | Lair:1   | Noticed a six-headed hydra
 11353 | Lair:1   | Killed a six-headed hydra
 11443 | Lair:1   | Noticed a four-headed hydra
 11449 | Lair:1   | Killed a four-headed hydra
 11449 | Lair:1   | Reached XP level 12. HP: 99/108 MP: 11/11
 11471 | Lair:1   | Noticed Harold
 11488 | Lair:1   | Killed Harold
 11820 | Lair:1   | Reached skill level 10 in Dodging
 12183 | Lair:2   | Received a gift from Trog
 12231 | Lair:2   | Received a gift from Trog
 12392 | Lair:2   | Reached skill level 13 in Axes
 13093 | Lair:2   | Reached skill level 10 in Bows
 13229 | Lair:2   | Identified a scroll of acquirement
 13563 | Lair:3   | Noticed Maud
 13576 | Lair:3   | Killed Maud
 13871 | Lair:3   | Reached ****** piety under Trog
 14317 | Lair:3   | Found a staircase to the Shoals.
 14646 | Lair:4   | Reached XP level 13. HP: 111/117 MP: 12/12
 14680 | Lair:4   | Found a frozen archway.
 14690 | IceCv    | Entered an ice cave
 15232 | IceCv    | Received a gift from Trog
 15396 | IceCv    | Reached skill level 14 in Axes
 15771 | IceCv    | Noticed a frost giant
 15780 | IceCv    | Received a gift from Trog
 15788 | IceCv    | Killed a frost giant
 16402 | Lair:4   | Noticed Urug
 16416 | Lair:4   | Killed Urug
 17381 | Lair:5   | Found a staircase to the Snake Pit.
 17836 | Lair:5   | Reached skill level 15 in Axes
 18429 | Lair:6   | Received a gift from Trog
 18567 | Lair:6   | Reached XP level 14. HP: 122/127 MP: 13/13
 18896 | Lair:6   | Received a gift from Trog
 18921 | Lair:6   | Found a staircase to the Slime Pits.
 18921 | Lair:6   | Found a viscous altar of Jiyva.
 19287 | Lair:7   | Received a gift from Trog
 19492 | Lair:7   | Received a gift from Trog
 19553 | Lair:7   | Noticed Snorg
 19585 | Lair:7   | Killed Snorg
 20471 | Lair:8   | Entered Level 8 of the Lair of Beasts
 20475 | Lair:8   | Received a gift from Trog
 20805 | Lair:8   | Noticed DungeonMaster's ghost (novice SpAs)
 20823 | Lair:8   | Killed DungeonMaster's ghost
 20901 | Lair:8   | Received a gift from Trog
 21263 | Lair:8   | Reached skill level 16 in Axes
 22547 | Lair:8   | Reached XP level 15. HP: 135/136 MP: 14/14
 22621 | Lair:8   | Received a gift from Trog
 22954 | Orc:1    | Entered Level 1 of the Orcish Mines
 22980 | Orc:1    | Received a gift from Trog
 23060 | Orc:1    | Noticed Nergalle
 23073 | Orc:1    | Killed Nergalle
 23190 | Orc:1    | Received a gift from Trog
 23206 | Orc:1    | Found a roughly hewn altar of Beogh.
 23340 | Orc:1    | Received a gift from Trog
 24167 | Orc:2    | Entered Level 2 of the Orcish Mines
 24169 | Orc:2    | Found a staircase to the Elven Halls.
 24183 | Orc:2    | Received a gift from Trog
 24185 | Orc:2    | Noticed an orc warlord
 24216 | Orc:1    | Killed an orc warlord
 24558 | Orc:2    | Received a gift from Trog
 24859 | Orc:2    | Found Jisor's Assorted Antiques.
 24859 | Orc:2    | Found Huacita's Antique Armour Shoppe.
 24918 | Orc:2    | Found a roughly hewn altar of Beogh.
 25030 | Orc:2    | Reached skill level 17 in Axes
 25324 | Orc:2    | Found Xeicas's Assorted Antiques.
 25455 | Orc:2    | Found Laes's Antique Armour Boutique.
 25455 | Orc:2    | Found Jobrilakh's Food Shoppe.
 25500 | Orc:2    | Bought a crude hat for 288 gold pieces
 25500 | Orc:2    | Bought a distressingly furry scale mail for 288 gold pieces
 25507 | Orc:2    | Identified the +1 hat of Vaif {rF+ rC- rN+} (You bought it in a shop on level 2 of the Orcish Mines)
 25518 | Orc:2    | Identified the cursed +1 scale mail of the Abyss {*Contam rF+++ Int+4 Dex-4} (You bought it in a shop on level 2 of the Orcish Mines)
 25601 | Orc:2    | Bought a pair of runed boots for 153 gold pieces
 25908 | Orc:2    | Bought a pair of runed boots for 126 gold pieces
 25908 | Orc:2    | Bought a crude amethyst amulet for 140 gold pieces
 25987 | D:9      | Gained mutation: You are weak. (Str -2) [mutagenic glow]
 26482 | D:12     | Received a gift from Trog
 26621 | D:12     | You fall through a shaft!
 27418 | D:13     | Found a gate to the Vaults.
 27440 | D:13     | Reached XP level 16. HP: 128/147 MP: 15/15
 27441 | D:13     | Received a gift from Trog
 28221 | D:14     | Identified the amulet "Viett" {Faith +Inv} (You bought it in a shop on level 2 of the Orcish Mines)
 28309 | D:14     | Reached skill level 15 in Bows
 28398 | D:14     | Found a sparkling altar of Nemelex Xobeh.
 28465 | D:14     | Received a gift from Trog
 29183 | D:14     | Received a gift from Trog
 29343 | D:15     | Entered Level 15 of the Dungeon
 29371 | D:15     | Found a staircase to the Depths.
 29391 | D:15     | Got a translucent ring mail
 29398 | D:15     | Found a labyrinth entrance.
 29405 | D:15     | Reached skill level 18 in Axes
 29409 | Lab      | Entered a labyrinth
 30009 | Lab      | Identified the +1 ring mail of the Chupacabra {*Corrode Str+4 Int+3 Dex-5} (You found it on level 15 of the Dungeon)
 31199 | Snake:1  | Entered Level 1 of the Snake Pit
 31357 | Snake:1  | Found Onuz's Assorted Antiques.
 32010 | Snake:1  | Noticed Frances
 32018 | Snake:1  | Noticed Donald
 32024 | Snake:1  | HP: 11/220 [Frances/war axe (7)]
 32027 | Snake:1  | Killed Frances
 32029 | Snake:1  | HP: 11/220 [poisoned by a naga sharpshooter (splash of poison)]
 32031 | Snake:1  | HP: 3/220 [Donald/long sword of protection (8)]
 32034 | Snake:1  | Mangled by Donald

Skill      XL: |  1  2  3  4  5  6  7  8  9 10 11 12 13 14 15 16 |
---------------+-------------------------------------------------+-----
Fighting       | 4 5 6 7 8 9 10 11 12 13 14 | 14.9
Axes           | 4 5 6 7 9 10 12 13 15 16 17 18 | 18.4
Dodging        | 3 4 5 6 7 8 9 10 11 12 13 | 13.4
Armour         | 3 4 6 7 8 9 10 11 12 13 14 | 14.5
Bows           | 3 6 8 10 12 13 14 15 | 15.3

Action                   |  1- 3 |  4- 6 |  7- 9 | 10-12 | 13-15 | 16-18 || total
-------------------------+-------+-------+-------+-------+-------+-------++-------
Melee: Hand axe          |    88 |   124 |   250 |   341 |       |       ||   803
       Headbutt          |     3 |    21 |    52 |   116 |   191 |    62 ||   445
       War axe           |       |       |       |    74 |   600 |       ||   674
       Battleaxe         |       |       |       |       |    77 |    88 ||   165
       Executioner's axe |       |       |       |       |       |   125 ||   125
 Fire: Shortbow          |       |       |    26 |    30 |   584 |   137 ||   777
       Longbow           |       |       |       |   248 |   270 |       ||   518
Invok: Burn Spellbooks   |     1 |       |       |     2 |     4 |     1 ||     8
       Berserk           |       |     2 |     2 |     1 |     5 |     2 ||    12
       Trog's Hand       |       |       |       |       |     1 |       ||     1
  Use: Scroll            |       |       |       |    28 |    10 |    11 ||    49
       Potion            |       |       |       |     3 |     1 |       ||     4
  Eat: Chunk             |     2 |     6 |    12 |    27 |    39 |    10 ||    96
       Pizza             |       |       |     1 |       |       |       ||     1
       Fruit             |       |       |       |       |     3 |       ||     3
       Beef jerky        |       |       |       |       |     2 |     4 ||     6
Armor: Animal skin       |    13 |     4 |       |       |       |       ||    17
       Chain mail        |       |    21 |       |       |       |     1 ||    22
       Scale mail        |       |    12 |    81 |    87 |    48 |       ||   228
       Ring mail         |       |       |       |       |   123 |       ||   123
       Plate armour      |       |       |       |       |    80 |   141 ||   221
       Skin              |       |       |       |       |       |     1 ||     1
Dodge: Dodged            |    39 |    62 |   131 |   328 |   472 |   151 ||  1183
Block: Other             |     7 |     8 |    21 |    52 |    74 |    25 ||   187
       Reflection        |     1 |       |     1 |     2 |     6 |     5 ||    15
